 Dungeon Crawl Stone Soup version 0.28.0-53-g5a82cb258f (webtiles) character file.

Game seed: 16716638318416021149

1654 hawla the Magician (level 8, -7/41 HPs)
             Began as a Deep Elf Earth Elementalist on Aug 6, 2022.
             Mangled by a yak (11 damage)
             ... on level 6 of the Dungeon.
             The game lasted 00:20:17 (6739 turns).

hawla the Magician (Deep Elf Earth Elementalist)    Turns: 6739, Time: 00:20:18

Health: -7/41      AC:  5    Str:  8    XL:     8   Next: 68%
Magic:  12/21      EV: 14    Int: 23    God:
Gold:   223        SH:  0    Dex: 18    Spells: 13/22 levels left

rFire   . . .      SeeInvis .   n - +7 battleaxe of Offence {venom, rCorr Str+3 Dex+3}
rCold   . . .      Faith    .   (shield currently unavailable)
rNeg    . . .      Spirit   .   p - +1 robe of Koluch {rCorr}
rPois   .          Reflect  .   q - +0 helmet
rElec   .          Harm     .   (no cloak)
rCorr   +          Rampage  .   e - +0 pair of gloves
Will    .....                   (no boots)
Stlth   ++........              (no amulet)
HPRegen 0.13/turn               c - ring of flight
MPRegen 0.17/turn               (no ring)

@: flying
A: no striking features
a: no special abilities


You were on level 6 of the Dungeon.
You visited 1 branch of the dungeon, and saw 6 of its levels.

You collected 223 gold pieces.

Inventory:

Hand Weapons
 n - the +7 battleaxe of Offence (weapon) {venom, rCorr Str+3 Dex+3}
   (You found it on level 5 of the Dungeon)

   It poisons the flesh of those it strikes.
   Str:       It affects your strength (+3).
   Dex:       It affects your dexterity (+3).
   rCorr:     It protects you from acid and corrosion.
Missiles
 h - 56 stones
 l - 12 poisoned darts
 m - 2 throwing nets
 o - a boomerang (quivered)
Armour
 e - a +0 pair of gloves (worn)
 f - a +0 buckler
 p - the +1 robe of Koluch (worn) {rCorr}
   (You found it on level 3 of the Dungeon)

   rCorr:     It protects you from acid and corrosion.
 q - a +0 helmet (worn)
Jewellery
 c - a ring of flight (left hand)
Wands
 d - a wand of polymorph (6)
 j - a wand of iceblast (9)
 r - a wand of flame (4)
Scrolls
 b - 3 scrolls of teleportation
Potions
 a - 8 potions of curing
 g - 2 potions of mutation {unknown}
 i - 2 potions of lignification
 k - a potion of brilliance


   Skills:
 + Level 0.1 Fighting
 * Level 0.4 Axes
 + Level 2.9 Throwing
 + Level 4.1 Dodging
 - Level 3.0 Stealth
 - Level 2.1 Shields
 + Level 7.6 Spellcasting
 + Level 3.4 Conjurations
 + Level 6.0 Necromancy
 + Level 1.1 Transmutations
 + Level 6.3 Earth Magic


You had 13 spell levels left.
You knew the following spells:

 Your Spells              Type           Power      Damage    Failure   Level
a - Sandblast             Erth           74%        2d16      1%          1
b - Passwall              Tmut/Erth      20%        N/A       2%          2
c - Stone Arrow           Conj/Erth      62%        3d10      3%          3
d - Vampiric Draining     Necr           36%        2d8       1%          3

Your spell library contained the following spells:

 Spells                   Type           Power      Damage    Failure   Level
 Animate Skeleton         Necr           72%        N/A       1%          1
 Pain                     Necr           100%       1d9       1%          1
 Mephitic Cloud           Conj/Pois/Air  14%        N/A       14%         3
 Petrify                  Tmut/Erth      25%        N/A       16%         4
 Ignite Poison            Fire/Tmut/Pois 10%        N/A       19%         3
 Tukima's Dance           Hex            8%         N/A       22%         3
 Cause Fear               Hex            4%         N/A       58%         4
 Passage of Golubria      Tloc           8%         N/A       58%         4
 Freezing Cloud           Conj/Ice/Air   7%         6-21      77%         5
 Yara's Violent Unravell  Hex/Tmut       5%         3d4       85%         5
 Dragon Form              Tmut           7%         N/A       100%        7
 Dragon's Call            Summ           4%         N/A       100%        9


Dungeon Overview and Level Annotations

Branches:
Dungeon (6/15)
 Temple: D:4-7

Altars:
Ashenzari
Cheibriados

Shops:
D:2 :   D:4 :!

Annotations:
D:6 Blork the orc


Message History

The yak is moderately wounded.
The yak misses you. The yak gores you.
You barely miss the yak.
The yak is moderately wounded.
The yak gores you but does no damage.
You barely miss the yak.
The yak is moderately wounded.
You completely miss the yak. The yak completely misses you.
The yak gores you. x2
You hit the yak.
The yak is poisoned.
The yak is heavily wounded.
You hit the yak.
The yak is poisoned.
The yak barely misses you. x2
The yak completely misses you. The yak barely misses you.
Casting: Stone Arrow (dangerous; 3% risk of failure)
Confirm with . or Enter, or press ? or * to list all spells.
Aiming: Vampiric Draining (safe; 1% risk of failure)
Press: ? - help, Shift-Dir - straight line, f - yak, p - yak
Aim: a yak (lightly wounded, very poisoned)
You draw life force from the yak!
You feel life coursing into your body. The yak barely misses you.
The yak gores you!
Unknown command.
Casting: Vampiric Draining (safe; 1% risk of failure)
Confirm with . or Enter, or press ? or * to list all spells.
Aiming: Vampiric Draining (safe; 1% risk of failure)
Press: ? - help, Shift-Dir - straight line, f/p - yak
Aim: a yak (moderately wounded, very poisoned)
You draw life force from the yak!
You feel life coursing into your body! The yak gores you.
The yak barely misses you.
Unknown command.
As you read the scroll of teleportation, it crumbles to dust.
You feel strangely unstable. The yak closely misses you. The yak gores you!
Blork the orc looks braver for a moment.
You hit the yak.
The yak is severely wounded.
The yak gores you!
* * * LOW HITPOINT WARNING * * *
The yak gores you but does no damage.
Your surroundings suddenly seem different.
Blork the orc looks encouraged for a moment.
The yak gores you!
You die...

#.# #.# #.#######..
#.......... #+##
###..######.. ..#
............. ..#
####.#####.#.###.##
### #.#
#...$#Y..#..... #.#
#..#Yo.@...# ####.#
#.YY#.....# #.##.#
##Y###.#..# ...#.#
#.# #.#..#
.....#######.###.#
.#
.................#
.#
.............#####
# .....#########
....##


You could see 4 yaks and Blork the orc.

Vanquished Creatures
  Prince Ribbit (D:5)
  A wyvern (D:5)
  A sky beast (D:5)
  A black bear (D:5)
  A necrophage (D:5)
  2 ogres
  A bullfrog (D:6)
  2 scorpions
  A water moccasin zombie (D:5)
  4 wights (D:4)
  A howler monkey (D:4)
  An orc priest (D:6)
  A hound (D:5)
  A centaur skeleton (D:3)
  2 iguanas (D:4)
  A hound skeleton (D:4)
  7 adders
  10 gnolls
  A white imp (D:5)
  2 adder skeletons (D:4)
  6 worms (D:3)
  A dart slug (D:4)
  10 orcs
  7 ball pythons
  11 bats
  5 endoplasms
  2 giant cockroaches (D:3)
  3 goblins
  3 hobgoblins
  6 jackals
  4 quokkas
  2 frilled lizards
  7 kobolds
  5 rats
114 creatures vanquished.

Notes
Turn   | Place    | Note
-------+----------+-------------------------------------------
     0 | D:1      | hawla the Deep Elf Earth Elementalist began the quest for
                  | the Orb.
     0 | D:1      | Reached XP level 1. HP: 10/10 MP: 6/6
   178 | D:1      | Reached XP level 2. HP: 8/15 MP: 0/8
   414 | D:1      | Learned a level 2 spell: Passwall
   965 | D:2      | Reached skill level 4 in Spellcasting
  1164 | D:2      | Found a faded altar of an unknown god.
  1174 | D:2      | Reached XP level 3. HP: 19/19 MP: 8/10
  1257 | D:2      | Found Cetsat's Book Shoppe.
  2030 | D:3      | Reached XP level 4. HP: 19/24 MP: 7/12
  2201 | D:3      | Reached skill level 1 in Shields
  2201 | D:3      | Reached skill level 5 in Spellcasting
  2690 | D:3      | Reached XP level 5. HP: 23/28 MP: 12/15
  2801 | D:3      | Identified the +1 robe of Koluch {rCorr}
  2917 | D:3      | Reached skill level 6 in Spellcasting
  3091 | D:4      | Found Dits's Distillery.
  3816 | D:4      | Reached XP level 6. HP: 30/32 MP: 17/17
  4436 | D:3      | Learned a level 3 spell: Stone Arrow
  4469 | D:4      | Reached skill level 1 in Conjurations
  4650 | D:4      | Reached skill level 5 in Earth Magic
  4867 | D:4      | Found Vitz's Self-Improvement Boutique.
  5008 | D:4      | Reached skill level 1 in Throwing
  5095 | D:4      | Reached XP level 7. HP: 23/36 MP: 11/18
  5349 | D:5      | Entered Level 5 of the Dungeon
  5357 | D:5      | Noticed Prince Ribbit
  5367 | D:5      | Killed Prince Ribbit
  5368 | D:5      | Reached skill level 7 in Spellcasting
  5516 | D:5      | Reached XP level 8. HP: 41/41 MP: 13/20
  5587 | D:5      | Learned a level 3 spell: Vampiric Draining
  5753 | D:5      | Reached skill level 1 in Necromancy
  6284 | D:5      | Identified the +7 battleaxe of Offence {venom, rCorr Str+3
                  | Dex+3}
  6290 | D:5      | Reached skill level 5 in Necromancy
  6576 | D:6      | Found a snail-covered altar of Cheibriados.
  6577 | D:6      | Found a broken altar of Ashenzari.
  6728 | D:6      | Noticed Blork the orc
  6739 | D:6      | Mangled by a yak

Illustrated notes

Levels and vault maps discovered:
D:1:      minmay_arrival_loop, layout_loops_cross
D:2:      layout_basic, ebering_ecumenical_altar_abandoned, serial_shops,
          nicolae_shop_behind_doors
D:3:      layout_basic, gup_sewer_entry_bubbles
D:4:      layout_rooms, serial_shops, nicolae_stop_n_shop_2,
          nicolae_shop_self_help
D:5:      layout_rooms, uniq_prince_ribbit1
D:6:      layout_loops_ring, mainiacjoe_overflow_divided_tiny,
          grunt_ministairs_15, uniq_blork_the_orc

Skill      XL: |  1  2  3  4  5  6  7  8 |
---------------+-------------------------+-----
Spellcasting   | 4 5 6 7 |  7.6
Shields        | 1 2 |  2.1
Earth Magic    | 4 5 6 |  6.3
Stealth        | 3 |  3.0
Conjurations   | 2 3 |  3.4
Throwing       | 1 2 |  2.9
Dodging        | 3 4 |  4.1
Necromancy     | 6 |  6.0
Fighting       | |  0.1
Axes           | |  0.4
Transmutations | |  1.1

Action                   |  1- 3 |  4- 6 |  7- 9 || total
-------------------------+-------+-------+-------++-------
Melee: Unarmed           |     1 |    91 |       ||    92
       Battleaxe         |       |       |    10 ||    10
Throw: Dart              |       |    23 |       ||    23
       Boomerang         |       |     8 |       ||     8
 Cast: Sandblast         |    50 |    56 |     1 ||   107
       Passwall          |     2 |     4 |       ||     6
       Stone Arrow       |       |    22 |    40 ||    62
       Vampiric Draining |       |       |     7 ||     7
  Use: Scroll            |     4 |     4 |     2 ||    10
       Potion            |       |     2 |       ||     2
 Stab: Sleeping          |       |     1 |       ||     1
Armor: Robe              |     7 |    39 |     6 ||    52
Dodge: Dodged            |    18 |   100 |    29 ||   147
Block: Buckler           |     2 |    40 |     4 ||    46
